 Dungeon Crawl Stone Soup version 0.32-a0-921-g04a7ad8e02 (webtiles) character file.

Game seed: 17357391650449442247

358 Gbaji the Sneak (level 6, 0/54 HPs)
             Began as a Kobold Brigand on Apr 12, 2024.
             Slain by an orc priest
             ... wielding a +0 war axe
              (2 damage)
             ... on level 3 of the Dungeon.
             The game lasted 00:08:56 (2240 turns).

Gbaji the Sneak (Kobold Brigand)                    Turns: 2240, Time: 00:08:56

Health: 0/54       AC: 23    Str:  8    XL:     6   Next: 97%
Magic:  6/6        EV:  3    Int: 12    God:
Gold:   163        SH:  0    Dex: 19    Spells: 4/5 levels left

rFire   . . .        j - +4 falchion (flame)
rCold   . . .        (no shield)
rNeg    . . .        b - melded +0 robe
rPois   +            (helmet currently unavailable)
rElec   .            c - melded +0 cloak
rCorr   .            m - melded +2 pair of gloves
SInv    .            (boots currently unavailable)
Will    .....        (no amulet)
Stlth   +++++        i - ring of poison resistance
HPRegen 0.29/turn    (no ring)
MPRegen 0.10/turn

%: no passive effects
@: tree-form
A: stationary, stasis, torment immunity, boosted hp, small, no large weapons,
nightstalker 3
a: Convert to Beogh


You were on level 3 of the Dungeon.
You were a tree.
You visited 1 branch of the dungeon, and saw 3 of its levels.

You collected 163 gold pieces.

Inventory:

Hand Weapons
 a - a +2 dagger {GAY}
 j - a +4 falchion of flaming (weapon)
Missiles
 d - 14 poisoned darts (quivered)
 e - 3 curare-tipped darts
 s - 2 throwing nets
Armour
 b - a +0 robe (melded)
 c - a +0 cloak (melded)
 m - a +2 pair of gloves (melded)
Jewellery
 i - a ring of poison resistance (left branch)
Wands
 r - a wand of iceblast (8)
Scrolls
 f - a scroll of torment {unknown}
 g - 2 scrolls of butterflies {unknown}
 h - 3 scrolls of enchant armour {unknown}
 o - a scroll of identify {unknown}
 q - a scroll of poison {unknown}
Potions
 k - a potion of resistance {unknown}
 l - a potion of haste {unknown}


   Skills:
 + Level 2.9 Fighting
 + Level 2.8(4.2) Short Blades
 + Level 2.9(3.1) Long Blades
 + Level 2.8 Throwing
 + Level 3.1 Dodging
 + Level 7.8 Stealth


You had 4 spell levels left.
You knew the following spells:

 Your Spells              Type           Power      Damage    Failure   Level
a - Freeze                Ice            0%         1d3       32%         1

Your spell library contained the following spells:

 Spells                   Type           Power      Damage    Failure   Level
 Sandblast                Erth           0%         2d4       32%         1
 Lesser Beckoning         Tloc           0%         N/A       45%         2
 Frozen Ramparts          Ice            0%         1d1       69%         3
 Hailstorm                Conj/Ice       0%         3d5       69%         3
 Maxwell's Portable Pile  Tloc           0%         2d(5-13)  69%         3
 Stone Arrow              Conj/Erth      0%         3d7       69%         3
 Teleport Other           Tloc           0%         N/A       69%         3
 Brom's Barrelling Bould  Conj/Erth      0%         2d3       97%         4


Dungeon Overview and Level Annotations

Branches:
Dungeon (3/15)

Altars:
Trog


Innate Abilities, Weirdness & Mutations

You are a tree.
Your roots penetrate the ground, keeping you stationary.
You cannot be teleported.
You are immune to unholy pain and torment.
Your maximum health is greatly increased.
Your equipment is partially melded.
You are small and have problems with some larger weapons.
You are completely attuned to the shadows.


Message History

The orc priest mumbles some strange prayers to Beogh against you.
Beogh smites you! The orc barely misses you.
The orc priest threatens, "Beogh's wrath is as vast as their mercy.
Make your choice!" (press Y on the ability menu to convert to Beogh)
You slash the orc! You burn the orc.
You kill the orc!
You hit the orc but do no damage. The orc closely misses you.
You hit the orc. You burn the orc.
The orc is severely wounded.
The orc closely misses you.
You barely miss the orc.
The orc is severely wounded.
The orc priest mumbles some strange prayers to Beogh against you.
Beogh smites you!
* * * LOW HITPOINT WARNING * * *
The orc closely misses you. x2
The orc priest mumbles some strange prayers to Beogh against you.
Beogh smites you!
* * * LOW HITPOINT WARNING * * *
It was a potion of magic.
Magic courses through your body. The orc hits you with a +0 war axe.
* * * LOW HITPOINT WARNING * * *
It was a potion of lignification.
You turn into a tree.
Your +0 cloak melds into your body.
Your +2 pair of gloves melds into your body.
Your +0 robe melds into your body.
Your roots penetrate the ground.
The orc hits you but does no damage.
You closely miss the orc.
The orc is severely wounded.
The orc hits you but does no damage.
You hit the orc. You burn the orc.
You kill the orc!
You closely miss the orc priest.
A goblin comes into view. It is wielding a +0 dagger.
The orc priest hits you with a +0 war axe.
* * * LOW HITPOINT WARNING * * *
You hit the orc priest. You burn the orc priest.
The orc priest is moderately wounded.
The orc priest hits you with a +0 war axe.
You die...

#########
#...♣o.g.
#.#######
#.# #.#
######.#
#......# #.#
..# #.######
#.# #.# #.#
#####.# #.#
#.#
##...#.###.#


You could see an orc priest and a goblin.

Vanquished Creatures
  Sigmund (D:2)
  Terence (D:2)
  Robin (D:3)
  6 adders
  A ribbon worm (D:2)
  3 dart slugs
  8 orcs (D:3)
  6 ball pythons
  6 bats
  7 endoplasms
  4 giant cockroaches
  16 goblins
  7 hobgoblins
  5 jackals (D:2)
  5 kobolds
  A quokka (D:1)
  A frilled lizard (D:2)
  6 rats
85 creatures vanquished.

Notes
Turn   | Place    | Note
-------+----------+-------------------------------------------
     0 | D:1      | Gbaji the Kobold Brigand began the quest for the Orb.
     0 | D:1      | Reached XP level 1. HP: 12/12 MP: 1/1
   173 | D:1      | Reached XP level 2. HP: 13/17 MP: 2/2
   233 | D:1      | Reached skill level 6 in Stealth
   565 | D:1      | Reached XP level 3. HP: 21/21 MP: 3/3
   658 | D:1      | You fall into a shaft and drop 1 floor!
   717 | D:2      | Found a faded altar of an unknown god.
   718 | D:2      | Noticed Terence
   731 | D:2      | Killed Terence
   732 | D:2      | Reached XP level 4. HP: 6/27 MP: 4/4
   855 | D:2      | Reached skill level 7 in Stealth
  1150 | D:2      | Reached skill level 1 in Long Blades
  1181 | D:2      | Reached XP level 5. HP: 31/31 MP: 5/5
  1252 | D:2      | Noticed Sigmund
  1265 | D:2      | Killed Sigmund
  1266 | D:2      | Reached XP level 6. HP: 16/36 MP: 6/6
  1592 | D:2      | Learned a level 1 spell: Freeze
  1932 | D:3      | Noticed Robin
  1938 | D:3      | Killed Robin
  2139 | D:3      | Found a bloodstained altar of Trog.
  2239 | D:3      | HP: 1/54 [orc priest/+0 war axe (3)]
  2240 | D:3      | Slain by an orc priest

Illustrated notes

Levels and vault maps discovered:
D:1:      nicolae_arrival_somewhat_less_tricky_arrival, layout_basic,
          fountainhead, dreamdust_princess_bridge
D:2:      minmay_thinvault, layout_basic, ebering_ecumenical_altar_webs,
          uniq_terence, uniq_sigmund
D:3:      layout_loops_ring, nicolae_overflow_hidden_temple, minmay_bisected,
          uniq_robin

Skill      XL: |  1  2  3  4  5 |
---------------+----------------+-----
Stealth        | 6 7 |  7.8
Long Blades    | 1 2 |  2.9
Dodging        | 2 3 |  3.1
Fighting       | |  2.9
Short Blades   | |  2.8
Throwing       | |  2.8

Action                     |  1- 3 |  4- 6 || total
---------------------------+-------+-------++-------
  Melee: Dagger            |    47 |       ||    47
         Falchion          |    15 |   118 ||   133
  Throw: Dart              |     3 |     8 ||    11
    Use: Potion            |     1 |     2 ||     3
   Stab: Sleeping          |     7 |    13 ||    20
 Armour: Robe              |    41 |    35 ||    76
         Skin              |       |     4 ||     4
  Dodge: Dodged            |    51 |    84 ||   135

Table legend: (Time is in decaauts)
 A = Elapsed time spent in this place.
 B = Non-inter-level travel time spent in this place.
 C = Inter-level travel time spent in this place.
 D = Time resting spent in this place.
 E = Time spent auto-exploring this place.
 F = Levels seen in this place.
 G = Mean time per level.
                   A        B        C        D        E       F      G
               +--------+--------+--------+--------+--------+-----+--------+
         Total |   2255 |   2104 |    151 |    129 |   1443 |   3 |  751.7 |
       Dungeon |   2255 |   2104 |    151 |    129 |   1443 |   3 |  751.7 |
               +--------+--------+--------+--------+--------+-----+--------+

Top non-repeatable levels by time:
     D:2: 1184 daAuts
     D:1: 653 daAuts
     D:3: 417 daAuts
